 Dungeon Crawl Stone Soup version 0.28-a0-429-g1448048969 (webtiles) character file.

Game seed: 1928833467784656780

49 porpoise the Conjurer (level 3, 0/20 HPs)
             Began as a Deep Elf Conjurer on Sept 11, 2021.
             Slain by Sigmund (1 damage)
             ... on level 2 of the Dungeon.
             The game lasted 00:05:58 (1494 turns).

porpoise the Conjurer (Deep Elf Conjurer)           Turns: 1494, Time: 00:05:58

Health: 0/20       AC:  2    Str:  4    XL:     3   Next: 53%
Magic:  5/10       EV: 12    Int: 23    God:
Gold:   38         SH:  0    Dex: 13    Spells: 7/10 levels left

rFire   . . .      SeeInvis .   b - +0 hunting sling
rCold   . . .      Faith    .   (no shield)
rNeg    . . .      Spirit   .   g - +0 robe
rPois   .          Reflect  .   (no helmet)
rElec   .          Harm     .   (no cloak)
rCorr   .          Rampage  .   (no gloves)
Will    .....                   (no boots)
Stlth   ++........              (no amulet)
HPRegen 0.06/turn               (no ring)
MPRegen 0.12/turn               (no ring)

@: no status effects
A: no striking features
a: no special abilities


You were on level 2 of the Dungeon.
You visited 1 branch of the dungeon, and saw 2 of its levels.

You collected 38 gold pieces.

Inventory:

Hand Weapons
 a - a +0 short sword
 b - a +0 hunting sling (weapon)
Missiles
 d - 6 boomerangs (quivered)
Armour
 g - a +0 robe (worn)
Magical Staves
 k - a staff of cold
Scrolls
 f - a scroll of identify {unknown}
 h - a scroll of amnesia {unknown}
 i - a scroll of holy word {unknown}
 j - a scroll of blinking {unknown}
Potions
 c - a potion of flight {unknown}
 e - a potion of cancellation {unknown}


   Skills:
 + Level 0.5 Fighting
 - Level 2.4 Dodging
 - Level 2.4 Stealth
 + Level 4.4 Spellcasting
 - Level 5.0 Conjurations


You had 7 spell levels left.
You knew the following spells:

 Your Spells              Type           Power      Damage    Failure   Level
a - Magic Dart            Conj           100%       1d8       1%          1
b - Searing Ray           Conj           56%        2d6       1%          2

Your spell library contained the following spells:

 Spells                   Type           Power      Damage    Failure   Level
 Dazzling Flash           Conj/Hex       32%        N/A       11%         3
 Fulminant Prism          Conj/Hex       8%         3d7       34%         4
 Iskenderun's Mystic Bla  Conj/Tloc      16%        2d5       34%         4


Dungeon Overview and Level Annotations

Branches:
Dungeon (2/15)

Altars:

Annotations:
D:2 Sigmund


Message History

You start resting.
Magic restored.
Found a faded altar of an unknown god.
There is an open door here.
There is an open door here.
You now have 38 gold pieces (gained 10).
j - a scroll labelled HIOCWA LULUIME
Found a stone staircase leading up.
There is a stone staircase leading up here.
Found a stone staircase leading down.
k - a staff of cold Sigmund the Dreaded comes into view.
He is wielding a +0 scythe.
Casting: Magic Dart (safe; 1% risk of failure)
Confirm with . or Enter, or press ? or * to list all spells.
Okay, then.
Unknown command.
Unknown command.
Sigmund shouts!
Casting: Magic Dart (safe; 1% risk of failure)
Confirm with . or Enter, or press ? or * to list all spells.
Aiming: Searing Ray (safe; 1% risk of failure)
Press: ? - help, Shift-Dir - straight line, f - Sigmund
Aim: Sigmund, wielding a +0 scythe and wearing a +0 robe (77% to hit)
The searing ray misses Sigmund. (Press . to maintain the ray.)
The searing ray hits Sigmund.
Sigmund is lightly wounded.
Sigmund gestures at you while chanting. The magic dart hits you!
The searing ray hits Sigmund!
Sigmund is moderately wounded.
Sigmund gestures at you while chanting. The magic dart hits you!
Ouch! That really hurt!
* * * LOW HITPOINT WARNING * * *
The searing ray hits Sigmund.
Sigmund is heavily wounded.
You finish channelling your searing ray.
Sigmund hits you from afar with a +0 scythe.
You die...

..>........#############
#######.#### #....#
####.# #.# #.#### #....#
#########.##.#
.....@.@..##.#
#########.##.# #.##.#
#.##.. ..#### ###


You could see Sigmund.

Vanquished Creatures
  2 adders (D:2)
  A worm (D:2)
  2 dart slugs
  4 orcs (D:2)
  3 bats
  2 endoplasms (D:1)
  A giant cockroach (D:1)
  A hobgoblin (D:1)
  A kobold (D:1)
  A ball python (D:2)
  3 frilled lizards
  A goblin (D:1)
22 creatures vanquished.

Notes
Turn   | Place    | Note
-------+----------+-------------------------------------------
     0 | D:1      | porpoise the Deep Elf Conjurer began the quest for the Orb.
     0 | D:1      | Reached XP level 1. HP: 10/10 MP: 6/6
   434 | D:1      | Reached XP level 2. HP: 15/15 MP: 5/8
   463 | D:1      | Learned a level 2 spell: Searing Ray
   676 | D:1      | You fall into a shaft and drop 1 floor!
   831 | D:2      | Reached skill level 5 in Conjurations
   831 | D:2      | Reached XP level 3. HP: 19/19 MP: 3/10
  1368 | D:2      | Found a faded altar of an unknown god.
  1488 | D:2      | Noticed Sigmund
  1493 | D:2      | HP: 1/20 [Sigmund/magic dart (10)]
  1494 | D:2      | Slain by Sigmund

Illustrated notes

Levels and vault maps discovered:
D:1:      psy_arrival_whirlpool, layout_loops_corners, minmay_distorted
D:2:      layout_loops_ring, shapermc_ecumenical_altar_mp_vishouse, uniq_sigmund

Skill      XL: |  1  2 |
---------------+-------+-----
Spellcasting   | 4 |  4.4
Conjurations   | 5 |  5.0
Fighting       | |  0.5
Dodging        | |  2.4
Stealth        | |  2.4

Action                   || total
-------------------------++-------
Throw: Boomerang         ||     6
 Cast: Magic Dart        ||    26
       Searing Ray       ||     6
Armor: Robe              ||     1
Dodge: Dodged            ||     4

Table legend: (Time is in decaauts)
 A = Elapsed time spent in this place.
 B = Non-inter-level travel time spent in this place.
 C = Inter-level travel time spent in this place.
 D = Time resting spent in this place.
 E = Time spent auto-exploring this place.
 F = Levels seen in this place.
 G = Mean time per level.
                   A        B        C        D        E       F      G
               +--------+--------+--------+--------+--------+-----+--------+
         Total |   1492 |   1492 |      0 |    595 |    739 |   2 |  746.0 |
       Dungeon |   1492 |   1492 |      0 |    595 |    739 |   2 |  746.0 |
               +--------+--------+--------+--------+--------+-----+--------+

Top non-repeatable levels by time:
     D:2: 818 daAuts
     D:1: 674 daAuts
